 Dungeon Crawl Stone Soup version 0.18-a0-1702-gd20c6a5 (webtiles) character file.

28674 namelastname112 the Grappler (level 13, -1/123 HPs)
             Began as a Naga Monk on Apr 7, 2016.
             Was an Initiate of Gozag.
             Slain by a phantasmal warrior (14 damage)
             ... led by a death knight
             ... on level 14 of the Dungeon.
             The game lasted 00:36:49 (17651 turns).

namelastname112 the Grappler (Naga Monk)           Turns: 17651, Time: 00:36:50

Health: -1/123     AC: 25    Str: 24    XL:     13   Next: 40%
Magic:  0/13       EV: 19    Int: 15    God:    Gozag
Gold:   1765       SH:  6    Dex: 19    Spells: 0 memorised, 12 levels left

rFire  + . .     SeeInvis +       - Unarmed
rCold  . . .     Gourm    .     D - +2 leather armour "Zaritamo" {rF+}
rNeg   + . .     Faith    .     C - +0 buckler
rPois  +         Spirit   +     J - +2 hat of the Bear Spirit {Spirit, +Rage rN+ MR++}
rElec  .         Dismiss  .     p - +0 cloak
rCorr  .         Reflect  .     d - +0 pair of gloves
SustAt .         Harm     .     k - +0 naga barding {Fly}
MR     +....                    (no amulet)
Stlth  ++++......               I - +3 ring of protection
                                v - +2 ring of protection

@: mighty, brilliant, agile, vulnerable, flying, hasted, quick, somewhat
resistant to hostile enchantments, stealthy
A: molten scales 1, see invisible, deformed body, dopey 1, mutation resistance
1, poison resistance, slowness 2, slow metabolism 1, spit poison 2, strong 1,
constrict 1, AC +4
a: Spit Poison, Potion Petition, Call Merchant, Bribe Branch, Renounce Religion,
Evoke Berserk Rage


You were on level 14 of the Dungeon.
You worshipped Gozag.
Gozag was noncommittal.
You were full.

You visited 1 branch of the dungeon, and saw 14 of its levels.
You also visited: Ossuary.

You collected 3328 gold pieces.
You spent 764 gold pieces at shops.
You paid 799 gold pieces to Gozag.

Inventory:

Missiles
 u - 3 throwing nets (quivered)
Armour
 d - a +0 pair of gloves (worn)
 k - a +0 naga barding of flying (worn)
 p - a +0 cloak (worn)
 C - a +0 buckler (worn)
 D - the +2 leather armour "Zaritamo" (worn) {rF+}
   (You bought it in a shop on level 6 of the Dungeon)

   It protects you from fire.
 J - the +2 hat of the Bear Spirit (worn) {Spirit, +Rage rN+ MR++}
   (You bought it in a shop on level 11 of the Dungeon)

   It protects you from negative energy.
   It affects your resistance to hostile enchantments.
   It lets you go berserk.
Jewellery
 l - an uncursed ring of resist corrosion
 m - an uncursed ring of fire
 v - a +2 ring of protection (left hand)
 I - a +3 ring of protection (right hand)
Wands
 y - a wand of polymorph (13/24)
 A - a wand of acid (9/15)
Scrolls
 e - 6 scrolls of remove curse
 q - 9 scrolls of identify
 r - 2 scrolls of noise
 w - a scroll of recharging
 z - 2 scrolls of amnesia
 E - 2 scrolls of enchant armour
 F - a scroll of enchant weapon
Potions
 a - 3 potions of brilliance
 c - 3 potions of magic {unknown}
 f - 2 potions of flight
 g - a potion of resistance {unknown}
 h - 2 potions of lignification {unknown}
 i - 3 potions of haste
 n - a potion of cure mutation
 s - a potion of ambrosia {unknown}
 t - 2 potions of agility
 x - 2 potions of curing
 B - a potion of beneficial mutation {unknown}
 G - a potion of might
 H - a potion of invisibility
Books
 o - a book of Minor Magic

   Spells                             Type                      Level
   a - Magic Dart                     Conjuration                  1
   b - Blink                          Translocation                2
   c - Call Imp                       Summoning                    2
   d - Repel Missiles                 Charms/Air                   2
   e - Slow                           Hexes                        2
   f - Conjure Flame                  Conjuration/Fire             3
   g - Mephitic Cloud                 Conjuration/Poison/Air       3
Miscellaneous
 K - a sack of spiders {used: 1}
Comestibles
 b - 12 bread rations
 j - 3 meat rations


   Skills:
 + Level 10.1 Fighting
 + Level 8.3 Armour
 + Level 8.4 Dodging
 - Level 3.0 Stealth
 + Level 5.6 Shields
 * Level 13.6 Unarmed Combat


You had 12 spell levels left.
You didn't know any spells.

Dungeon Overview and Level Annotations

Branches:
Dungeon (14/15)            Temple (0/1) D:6            Lair (0/8) D:11
    Orc (0/2) D:9
 Vaults: D:13-14

Altars:
Gozag
Kikubaaqudgha
Qazlal
Ru
Trog

Shops:
D:6 [   D:11 [

Annotations:
D:6 Grinder


Innate Abilities, Weirdness & Mutations

You cannot wear boots.
Your serpentine skin is tough (AC +4).
You have supernaturally acute eyesight.
Armour fits poorly on your strangely shaped body.
Your system is resistant to poisons.
You cover ground very slowly.
You have a slow metabolism.
You can spit poison.
You can use your snake-like lower body to constrict enemies.
You are partially covered in molten scales (AC +1).
You are dopey. (Int -2)
You are somewhat resistant to further mutation.
Your muscles are strong. (Str +2)


Message History

* * * LOW HITPOINT WARNING * * *
There is a stone staircase leading up here.
You hit the phantasmal warrior but do no damage.
The phantasmal warrior is heavily damaged.
The phantasmal warrior hits you!!
* * * LOW HITPOINT WARNING * * *
Read which item? (? for menu, Esc to quit)
Okay, then.
Drink which item? (? for menu, Esc to quit)
Okay, then. [a] - 480 gold - resistance, might and haste [b] - 364 gold - haste and flight [c] - 500 gold - haste, agility, flight, might and brilliance Purchase which effect?
You feel yourself speed up.
You feel agile all of a sudden.
You feel more buoyant.
You feel very mighty all of a sudden.
You feel clever all of a sudden. The phantasmal warrior hits you!
You die...
Your body crumbles into a pile of gold.

##################
...................
..........<...###.#
#.........W@..#
#.............#
#.............#
#.............#
#.............#
#.............#
#.............#
#....:....(...#
#...............


You could see a phantasmal warrior.

Vanquished Creatures
  Azrael (D:13)
  A hydra (D:13)
  A centaur warrior (D:13)
  A death knight (D:13)
  Urug (D:12)
  A skeletal warrior (D:13)
  8 hill giants
  A phantasmal warrior (D:13)
  3 ugly things
  A deep elf mage (D:12)
  A manticore (D:11)
  2 spiny frogs (D:10)
  A gargoyle (D:11)
  A kobold demonologist (D:13)
  3 trolls
  A two-headed ogre (D:11)
  A blink frog (D:11)
  17 slime creatures
  2 wraiths
  2 fire elementals (D:13)
  6 yaks (D:13)
  A basilisk (D:14)
  4 hogs (D:13)
  3 hippogriffs
  3 vampire mosquitoes (D:13)
  The ghost of Ratboiler the Magician, an amateur DEWn (Ossuary)
  2 hell hounds (D:13)
  A porcupine (D:11)
  3 ice beasts
  An eye of draining (D:10)
  3 orc warriors
  2 black bears (D:7)
  5 sky beasts
  A necrophage (D:12)
  A phantom (D:8)
  6 centaurs
  6 ogres
  7 big kobolds
  15 giant frogs
  A gnoll sergeant (D:5)
  A wyvern skeleton (D:8)
  5 scorpions
  15 killer bees
  10 wights
  3 howler monkeys
  8 crimson imps
  A quasit (D:12)
  2 giant frog zombies
  3 lava snakes (D:10)
  5 centaur zombies
  3 centaur skeletons
  4 jellies
  Crazy Yiuf (D:2)
  A giant frog skeleton (D:8)
  7 orc priests
  4 hounds
  5 orc wizards
  A hell rat (D:11)
  7 iguanas
  7 worker ants
  A hound zombie (D:9)
  A hound skeleton (D:10)
  8 mummies (Ossuary)
  A howler monkey zombie (D:5)
  8 gnolls
  A howler monkey skeleton (D:9)
  7 adders
  3 shadow imps
  2 oozes
  6 worms
  3 dart slugs
  3 giant geckos
  38 orcs
  2 ball pythons (D:6)
  7 bats
  5 giant cockroaches
  13 goblins
  13 hobgoblins
  14 jackals
  41 kobolds
  2 quokkas
  5 giant newts
  A jackal zombie (D:8)
  7 kobold zombies (Ossuary)
  An orc zombie (Ossuary)
  A quokka skeleton (D:9)
  11 rats
420 creatures vanquished.

Vanquished Creatures (others)
  Kirke (D:13)
  A human (D:3)
2 creatures vanquished.

Grand Total: 422 creatures vanquished

Notes
Turn   | Place    | Note
--------------------------------------------------------------
     0 | D:1      | namelastname112 the Naga Monk began the quest for the Orb.
     0 | D:1      | Reached XP level 1. HP: 21/21 MP: 1/1
   291 | D:1      | Reached XP level 2. HP: 26/28 MP: 2/2
   561 | D:1      | Reached XP level 3. HP: 33/34 MP: 3/3
  1013 | D:2      | Reached skill level 1 in Armour
  1044 | D:2      | Noticed Crazy Yiuf
  1063 | D:2      | Killed Crazy Yiuf
  1063 | D:2      | Reached XP level 4. HP: 15/42 MP: 4/4
  1536 | D:3      | Reached XP level 5. HP: 49/49 MP: 5/5
  1771 | D:3      | Reached skill level 5 in Unarmed Combat
  2052 | D:3      | Found an ancient bone altar of Kikubaaqudgha.
  2057 | D:3      | Noticed a human
  2058 | D:3      | Killed a human
  2139 | D:3      | Found an ancient bone altar of Kikubaaqudgha.
  2729 | D:4      | Reached XP level 6. HP: 25/57 MP: 6/6
  3160 | D:5      | Entered Level 5 of the Dungeon
  3398 | D:5      | Reached XP level 7. HP: 57/64 MP: 7/7
  3581 | D:5      | Reached skill level 6 in Unarmed Combat
  3790 | D:5      | Found an opulent altar of Gozag.
  3936 | D:5      | Reached XP level 8. HP: 66/73 MP: 8/8
  3970 | D:5      | Became a worshipper of Gozag Ym Sagoz the Greedy
  4104 | D:5      | Wingboner: Змейссы, пиявссы...
  4208 | D:6      | Found Disso's Antique Armour Emporium.
  4230 | D:6      | namelastname112: привет
  4230 | D:6      | Bought a crude leather armour for 217 gold pieces
  4240 | D:6      | Identified the +2 leather armour "Zaritamo" {rF+} (You bought it in a shop on level 6 of the Dungeon)
  4251 | D:6      | Wingboner: И тебе поздорову.
  4340 | D:6      | Reached skill level 5 in Fighting
  4340 | D:6      | Reached skill level 7 in Unarmed Combat
  4356 | D:6      | HP: 3/74 [poisoned by a gnoll sergeant]
  5040 | D:6      | Found a staircase to the Ecumenical Temple.
  5454 | D:6      | Noticed Grinder
  5456 | D:6      | Noticed Grinder
  5456 | D:6      | Grinder changed into Grinder the hell beast
  5457 | D:6      | crauler: ты че
  5457 | D:6      | namelastname112: MISTAKES WERE MADE
  5457 | D:6      | crauler: рип
  5481 | D:7      | namelastname112: хуип
  5587 | D:7      | crauler: повезло что инвиз не палит
  5712 | D:6      | jacquesderrida: Ээээээ!!...
  5723 | D:7      | jacquesderrida: ДЕД
  5727 | D:7      | Found a sand-covered staircase.
  5735 | Ossuary  | Entered an ossuary
  5738 | Ossuary  | jacquesderrida: НЕ ДЕД ПЛС
  5796 | Ossuary  | jacquesderrida: денг
  5804 | Ossuary  | crauler: окосевшие гоблины
  5808 | Ossuary  | jacquesderrida: спс
  5815 | Ossuary  | jacquesderrida: смари ща дед
  5818 | Ossuary  | Reached XP level 9. HP: 21/82 MP: 9/9
  5827 | Ossuary  | crauler: дед смотри нага ползет
  5827 | Ossuary  | jacquesderrida: щя*
  5831 | Ossuary  | Gained mutation: You are dopey. (Int -2) [potion of mutation]
  5831 | Ossuary  | Gained mutation: Your muscles are strong. (Str +2) [potion of mutation]
  5831 | Ossuary  | Gained mutation: You are partially covered in molten scales (AC +1). [potion of mutation]
  5838 | Ossuary  | Noticed Ratboiler's ghost (amateur DEWn)
  5839 | Ossuary  | jacquesderrida: дееееееееееенг
  5846 | Ossuary  | Killed Ratboiler's ghost
  5846 | Ossuary  | Reached skill level 8 in Unarmed Combat
  5864 | Ossuary  | crauler: инвищ
  5864 | Ossuary  | crauler: виз
  5864 | Ossuary  | jacquesderrida: СПС
  5868 | Ossuary  | jacquesderrida: ЛАМПЕР
  5877 | Ossuary  | jacquesderrida: ТЩШЫ
  5879 | Ossuary  | jacquesderrida: NOIS
  5907 | Ossuary  | jacquesderrida: ZAMA4IL
  6003 | Ossuary  | crauler: ебин блин
  6298 | Ossuary  | crauler: с 12 хп затабал госта две мумии и уполз
  6313 | Ossuary  | Gained mutation: You are somewhat resistant to further mutation. [potion of mutation]
  6314 | Ossuary  | namelastname112: гриндер зэ хэлл бист
  6413 | D:7      | Reached skill level 5 in Dodging
  6520 | D:7      | crauler: бери затычку и иди бить его
  6651 | D:7      | namelastname112: чего брать?
  6935 | D:7      | crauler: заточку, лол
  6960 | D:7      | Found a bloodstained altar of Trog.
  7112 | D:7      | crauler: ножик
  7219 | D:7      | Got a pitted mace
  7220 | D:7      | Identified the +9 mace of Vip Tiha {pain, rPois Dex+4 Stlth-} (You found it on level 7 of the Dungeon)
  7221 | D:7      | namelastname112: о
  7221 | D:7      | namelastname112: этой мейсой ему точно пиздец
  7359 | D:8      | Reached skill level 9 in Unarmed Combat
  7550 | D:8      | Reached skill level 5 in Armour
  7811 | D:8      | Reached XP level 10. HP: 61/92 MP: 10/10
  7973 | D:8      | namelastname112: c другой стороны
  7973 | D:8      | Wingboner: Отошёл сделать пару бутербродов с тентаклями, а у тебя тут жизнь кипит!
  7973 | D:8      | namelastname112: это все равно лучше чем гриндер зэ экзекюшнер
  8038 | D:8      | Got a polished hand axe
  8039 | D:8      | Identified the cursed +1 hand axe "Demuggag" {chop, +Inv rC+ MR+} (You found it on level 8 of the Dungeon)
  8042 | D:8      | namelastname112: :f
  8042 | D:8      | namelastname112: да
  8042 | D:8      | crauler: ты пропустил поли гриндера
  8042 | D:8      | namelastname112: я тут гриндера полиморфнул
  8042 | D:8      | Wingboner: Blork the juggernaut жжот.
  8051 | D:8      | Wingboner: Зачеееем?!
  8058 | D:8      | crauler: а это как?
  8058 | D:8      | namelastname112: захотел острых ощущений
  8058 | D:8      | Wingboner: Это эпично. У меня скрины есть.
  8058 | D:8      | crauler: как из орка в джагера блин
  8058 | D:8      | namelastname112: ну думаю
  8058 | D:8      | Wingboner: Сейчас скину.
  8058 | D:8      | namelastname112: запну в него
  8058 | D:8      | namelastname112: ща он в ирон импа превратится
  8058 | D:8      | namelastname112: и мне будет похуй
  8058 | D:8      | namelastname112: а он такой хоп
  8058 | D:8      | namelastname112: в хэлл биста
  8059 | D:8      | crauler: ну ему то точно похуй
  8451 | D:9      | Found a staircase to the Orcish Mines.
  8646 | D:9      | Reached skill level 10 in Unarmed Combat
  9173 | D:10     | Entered Level 10 of the Dungeon
  9193 | D:10     | Wingboner: http://imgur.com/a/bx5Oq
  9396 | D:11     | Noticed a spiny frog
  9397 | D:11     | Noticed a spiny frog
  9804 | D:10     | namelastname112: сколько наге скилла для баклера надо?
  9804 | D:10     | namelastname112: 3.2?
  9998 | D:10     | Wingboner: На нём написано сейчас.
 10032 | D:10     | namelastname112: ого
 10032 | D:10     | namelastname112: до чего техника дошла
 10108 | D:10     | Noticed a hill giant
 10129 | D:10     | Killed a hill giant
 10144 | D:10     | Reached skill level 1 in Shields
 10387 | D:10     | crauler: глядишь и дамаг с хп будем видеть в 0.30
 10416 | D:10     | Killed a spiny frog
 10670 | D:10     | Found a stormy altar of Qazlal.
 10683 | D:10     | Killed a spiny frog
 10890 | D:10     | Reached XP level 11. HP: 95/103 MP: 11/11
 10977 | D:10     | Wingboner: Ну, по себе видно, если скрипт поставить.
 11078 | D:10     | Reached skill level 11 in Unarmed Combat
 11116 | D:10     | crauler: костыли же
 11247 | D:11     | crauler: всм не изначально настроено
 11520 | D:11     | Found a staircase to the Lair.
 11771 | D:11     | Wingboner: Ну так-то да, но многое не настроено изначально.
 11778 | D:11     | Found Birirch's Armour Shop.
 11783 | D:11     | Wingboner: В любом случае под себя допиливать.
 11783 | D:11     | Bought the +2 hat of the Bear Spirit {Spirit, +Rage rN+ MR++} for 547 gold pieces
 12108 | D:11     | namelastname112: ставлю на то
 12108 | D:11     | namelastname112: что бардинг я не увижу до конца орков
 12259 | D:11     | crauler: инб4 д12 с бардингом
 12274 | D:11     | Wingboner: Если в орки пойдёшь сначала, то да.
 12397 | D:11     | Wingboner: Если сначала в зоопарк, то нет.
 12408 | D:11     | Noticed a manticore
 12426 | D:11     | Killed a manticore
 12431 | D:11     | crauler: ну и опять же, зависит от того на что бабки птратишь
 12684 | D:11     | Noticed a brown ugly thing
 12697 | D:11     | Noticed a hill giant
 12701 | D:11     | Killed a brown ugly thing
 12711 | D:11     | Killed a hill giant
 12727 | D:11     | Found a sacrificial altar of Ru.
 12981 | D:11     | Noticed a hill giant
 12995 | D:11     | Killed a hill giant
 13025 | D:11     | crauler: блоуган не возьмешь?
 13025 | D:11     | Wingboner: У меня 90% к концу зоопарка есть свиток аквариума.
 13052 | D:11     | namelastname112: у меня в пасти блоуган
 13079 | D:12     | Noticed Urug
 13095 | D:12     | crauler: хуевый там блоуган как по мне
 13095 | D:12     | Killed Urug
 13127 | D:12     | namelastname112: блоуганы понерфили
 13127 | D:12     | namelastname112: он теперь не всрался нахуй с 0 тровинга
 13779 | D:12     | Noticed a hill giant
 13798 | D:12     | Killed a hill giant
 13798 | D:12     | Reached skill level 12 in Unarmed Combat
 13798 | D:12     | Reached XP level 12. HP: 47/112 MP: 4/12
 13826 | D:12     | epen: ты бы свитки чекнул, когда этаж зачистишь
 14073 | D:12     | Wingboner: http://i.imgur.com/Z62eqYG.png NSFW! — о блоуганах в разных отверстиях.
 14073 | D:12     | namelastname112: опять пони
 14239 | D:12     | Wingboner: Щито поделать, в моих паках десятки тысяч понипикч.
 14602 | D:12     | Identified a scroll of acquirement
 14609 | D:12     | namelastname112: эх
 14609 | D:12     | namelastname112: краулер свалил
 14609 | D:12     | namelastname112: а ведь он победил
 14609 | D:12     | namelastname112: лол
 14609 | D:12     | Wingboner: Воздушный змей.
 14609 | D:12     | Wingboner: Кек.
 14614 | D:12     | Wingboner: На д12, да. Наванговал.
 14670 | D:13     | Noticed Kirke
 14793 | D:13     | Wingboner: Зачем ты вообще так глубоко полез?
 14823 | D:13     | Noticed a sun demon
 14827 | D:13     | Noticed Azrael
 14848 | D:13     | Killed Azrael
 14863 | D:13     | namelastname112: тому що я ебнутый
 14863 | D:13     | namelastname112: не знаю
 14863 | D:13     | namelastname112: всегда так делаю
 14863 | D:13     | namelastname112: так интереснее
 15081 | D:13     | Wingboner: Хренли, тогда пойди духз сделай.
 15120 | D:13     | namelastname112: нагой?
 15120 | D:13     | namelastname112: не, спасибо
 15227 | D:13     | Wingboner: Нагой В БАРДИНГЕ!!11
 15240 | D:13     | namelastname112: бля
 15240 | D:13     | Wingboner: Лол.
 15240 | D:13     | namelastname112: пикантная ситуация
 15240 | D:13     | namelastname112: эта хуйня меня ща ваншотнуть может
 15241 | D:13     | Wingboner: Затабался?
 15742 | D:12     | namelastname112: там еще и кирка тусит
 15742 | D:12     | namelastname112: терпеть её не могу
 15742 | D:12     | namelastname112: бесит меня
 15794 | D:13     | Noticed a centaur warrior
 15794 | D:13     | Wingboner: Свинство.
 15882 | D:13     | Killed a centaur warrior
 15882 | D:13     | Reached skill level 13 in Unarmed Combat
 16012 | D:13     | Reached skill level 5 in Shields
 16012 | D:13     | Gained mutation: You can use your snake-like lower body to constrict enemies. [Naga growth]
 16012 | D:13     | Reached XP level 13. HP: 47/123 MP: 5/13
 16281 | D:13     | Wingboner: Магазин призывать будешь?
 16355 | D:13     | namelastname112: потом
 16355 | D:13     | namelastname112: сначала орки
 16449 | D:13     | namelastname112: лол
 16449 | D:13     | namelastname112: а че
 16449 | D:13     | namelastname112: желе не констриктится?
 16497 | D:13     | Wingboner: Не знаю.
 16499 | D:13     | Wingboner: Не проверял.
 16884 | D:13     | Wingboner: Сейчас тебе сфинкса под хвост засунут.
 16890 | D:13     | Killed Kirke
 16890 | D:13     | Reached skill level 10 in Fighting
 17625 | D:13     | namelastname112: вот блять
 17625 | D:13     | namelastname112: кто из девов придумал эти банды нежити
 17625 | D:13     | namelastname112: с дес найтами
 17625 | D:13     | namelastname112: нахуй просто
 17651 | D:14     | Slain by a phantasmal warrior

Vault maps used:
D:1:      evilmike_arrival_hilbert_curve
D:2:      uniq_crazy_yiuf_cottage
D:3:      kiku_gazebo_pond_becter, tgw_kikubaaqudgha
D:4:      first_bread
D:5:      nicolae_gozag_seed_capital
D:6:      minmay_temple_entry_fiery, serial_shops,
          nicolae_shop_temple_entry_statues_fountains, basic_altar, uniq_grinder
D:7:      trog_ov_bears_minmay, nicolae_ossuary_entry_ruins, grunt_ogre_cave,
          sigmund_army
D:8:      minivault_11
D:9:      orc_0_dummy
D:10:     erik_rubicon_a, nicolae_qazlal_style_of_elements
D:11:     dpeg_lair_monsters, serial_shops, shop_fountains,
          nicolae_ru_sacrificial_ziggurat
D:12:     uniq_urug
D:13:     uniq_kirke, uniq_azrael
D:14:     erik_vaults_2, amethyst_killhole, grunt_decor_fettered,
          nrook_loot_triangle
Ossuary:  ossuary_tomb_3

Skill      XL: |  1  2  3  4  5  6  7  8  9 10 11 12 13 |
---------------+----------------------------------------+-----
Armour         | 1 2 3 4 5 6 7 8 |  8.3
Dodging        | 3 4 5 6 7 8 |  8.4
Unarmed Combat | 5 6 7 9 10 12 13 | 13.6
Fighting       | 4 5 6 7 8 9 10 | 10.1
Shields        | 1 3 5 |  5.6
Stealth        | |  3.0

Action                   |  1- 3 |  4- 6 |  7- 9 | 10-12 | 13-15 || total
-------------------------+-------+-------+-------+-------+-------++-------
Melee: Unarmed           |   140 |   359 |   586 |  1130 |   175 ||  2390
Invok: Potion Petition   |       |       |     1 |     1 |     1 ||     3
 Abil: Spit Poison       |     4 |     4 |     9 |    13 |       ||    30
Evoke: Wand              |       |       |     1 |     5 |       ||     6
       Sack of spiders   |       |       |       |     1 |       ||     1
       Phantom mirror    |       |       |       |       |     1 ||     1
  Use: Scroll            |       |       |    11 |    12 |     2 ||    25
       Potion            |       |       |    14 |     3 |     1 ||    18
 Stab: Sleeping          |     3 |     7 |     3 |     5 |       ||    18
       Distracted        |     1 |       |     3 |     3 |       ||     7
       Invisible         |       |       |     6 |       |       ||     6
  Eat: Chunk             |       |     8 |       |       |       ||     8
       Beef jerky        |       |       |     3 |     8 |       ||    11
       Pizza             |       |       |     3 |     1 |       ||     4
       Fruit             |       |       |     5 |     5 |       ||    10
       Royal jelly       |       |       |       |     1 |       ||     1
       Meat ration       |       |       |       |     1 |     2 ||     3
